 Dungeon Crawl Stone Soup version 0.28.0 (webtiles) character file.

Game seed: 5136287986699762187

1097 GrayStillPlays the Shield-Bearer (level 8, -6/67 HPs)
             Began as a Gnoll Fighter on Feb 8, 2022.
             Mangled by a komodo dragon (28 damage)
             ... on level 6 of the Dungeon.
             The game lasted 00:10:34 (6008 turns).

GrayStillPlays the Shield-Bearer (Gnoll Fighter)    Turns: 6008, Time: 00:10:34

Health: -6/67      AC: 10    Str: 15    XL:     8   Next: 31%
Magic:  12/12      EV: 12    Int: 15    God:
Gold:   84         SH:  5    Dex: 11    Spells: 13/13 levels left

rFire   . . .      SeeInvis .   y - +10 spear "Akyloor" {flame, Int+4, polearm}
rCold   . . .      Faith    .   c - +0 buckler
rNeg    . . .      Spirit   .   t - +3 leather armour
rPois   .          Reflect  .   (no helmet)
rElec   .          Harm     .   m - +0 cloak
rCorr   .          Rampage  .   q - +1 pair of gloves
Will    .....                   (no boots)
Stlth   ++........              (no amulet)
HPRegen 0.21/turn               E - ring of flight
MPRegen 0.13/turn               (no ring)

@: flying, studying Staves
A: fangs 1, strong nose, distributed training
a: no special abilities


You were on level 6 of the Dungeon.
You visited 2 branches of the dungeon, and saw 7 of its levels.

You collected 289 gold pieces.
You spent 205 gold pieces at shops.


Innate Abilities, Weirdness & Mutations

You have very sharp teeth.
Your uncanny sense of smell can sniff out nearby items.
Your experience applies equally to all skills.


   Skills:
 + Level 7.3 Fighting
 + Level 3.1 Short Blades
 + Level 3.1 Long Blades
 + Level 5.6 Axes
 + Level 3.1 Maces & Flails
 + Level 3.1 Polearms
 + Level 4.0 Staves
 + Level 3.1 Slings
 + Level 3.1 Bows
 + Level 3.1 Crossbows
 + Level 3.1 Throwing
 + Level 7.3 Armour
 + Level 3.1 Dodging
 + Level 3.1 Stealth
 + Level 7.3 Shields
 + Level 3.1 Unarmed Combat
 + Level 3.1 Spellcasting
 + Level 2.5 Conjurations
 + Level 2.5 Hexes
 + Level 2.5 Summonings
 + Level 2.5 Necromancy
 + Level 2.5 Translocations
 + Level 2.5 Transmutations
 + Level 2.5 Fire Magic
 + Level 2.5 Ice Magic
 + Level 2.5 Air Magic
 + Level 2.5 Earth Magic
 + Level 2.5 Poison Magic
 + Level 3.5 Invocations
 + Level 3.1 Evocations


You had 13 spell levels left.
You didn't know any spells.
Your spell library contained the following spells:

 Spells                   Type           Power      Damage    Failure   Level
 Slow                     Hex            40%        N/A       11%         1
 Confusing Touch          Hex            10%        N/A       30%         3
 Vampiric Draining        Necr           10%        2d6       30%         3
 Animate Armour           Summ/Erth      20%        N/A       71%         4
 Blade Hands              Tmut           5%         N/A       96%         5
 Iron Shot                Conj/Erth      5%         9d2       100%        6

Inventory:

Hand Weapons
 a - a +0 war axe {axe}
 s - a +1 hunting sling of freezing {sling}
   (You found it on level 3 of the Dungeon)
 y - the +10 spear "Akyloor" (weapon) {flame, Int+4, polearm}
   (You found it on level 3 of the Dungeon)

   It burns those it strikes, dealing additional fire damage.
   Int:       It affects your intelligence (+4).
Missiles
 e - 204 stones (quivered) {throwing}
 f - 83 arrows
 l - 6 sling bullets
 v - 28 bolts
 x - 3 boomerangs {throwing}
 z - 9 poisoned darts {throwing}
Armour
 c - a +0 buckler (worn)
 m - a +0 cloak (worn)
   (You found it on level 2 of the Dungeon)
 q - a +1 pair of gloves (worn)
   (You found it on level 2 of the Dungeon)
 t - a +3 leather armour (worn)
   (You took it off an orc on level 3 of the Dungeon)
Jewellery
 E - a ring of flight (left hand)
   (You found it on level 5 of the Dungeon)
Wands
 r - a wand of polymorph (9)
   (You found it on level 2 of the Dungeon)
 D - a wand of flame (24)
   (You found it on level 4 of the Dungeon)
 K - a wand of iceblast (7)
   (You found it on level 6 of the Dungeon)
Scrolls
 b - 2 scrolls of noise {unknown}
 g - a scroll of silence {unknown}
 i - 6 scrolls of teleportation {unknown}
 n - 4 scrolls of identify {unknown}
 o - 2 scrolls of fog {unknown}
 p - a scroll of acquirement {unknown}
 u - a scroll of immolation {unknown}
 C - a scroll of torment {unknown}
 F - 3 scrolls of enchant armour {unknown}
 G - a scroll of magic mapping {unknown}
 H - a scroll of fear {unknown}
 J - a scroll of summoning {unknown}
Potions
 d - 2 potions of might
 h - 4 potions of resistance {unknown}
 j - 4 potions of curing {@q1}
 k - 2 potions of mutation {unknown}
 w - 4 potions of brilliance {unknown}
 A - 3 potions of heal wounds {@q2}
 I - a potion of haste {unknown}

Dungeon Overview and Level Annotations

Branches:
Dungeon (6/15)             Temple (1/1) D:6

Altars:
Ashenzari
Cheibriados
Dithmenos
Elyvilon
Fedhas
Gozag
Kikubaaqudgha
Makhleb
Nemelex Xobeh
Okawaru
Qazlal
Ru
Sif Muna
Trog
Uskayaw
Vehumet
Wu Jian
Xom
Yredelemnul
Zin
The Shining One

Shops:
D:4 * D:6

!! #........ ###### ######
#<######. ##≈≈≈≈# ####≈≈≈≈## #.#
#. .≈≈##≈###..≈≈##≈.########.# #.
≈≈##≈≈≈≈≈≈≈≈##≈≈.##≈≈≈≈##.# ##
≈############≈≈≈≈≈≈≈##≈##.# # ##
######≈##≈≈##.# #
..#.#.#.###≈≈###.# #
#((.≈l@..'≈..##.#### #
#(#.#.#.###≈≈.##...>####
######≈##≈≈#.......<.
#############≈≈≈≈≈≈≈##≈#.#...####
≈≈≈≈≈##≈≈≈≈≈##≈≈..#≈≈≈≈...###.##
##..≈≈##≈.#≈≈##≈##.#####.## ##.#
.†.##≈≈≈≈.##≈≈≈≈##.......# #.#
..######..####..##.#####.## ##.#
....................# ##.###.###


You could see a komodo dragon.


Message History

A shadow comes into view.
There is an open door here.
A komodo dragon comes into view.
There is an open door here.
You hit the shadow. You burn the shadow. You block the shadow's attack.
You hit the shadow. You burn the shadow. You bite the shadow, but do no damage.
The shadow slips into darkness.
The shadow flickers and vanishes!
Deactivating autopickup; reactivate with Ctrl-A.
You hit something but do no damage.
The shadow strikes at you from the darkness!
Reactivating autopickup. 😕 HP[-16]
You take 16 damage, and now have 51/67 hp.
MASSIVE DAMAGE!! (PAUSE)
You hit the shadow. You burn the shadow. The shadow hits you. 😮 HP[-1]
You take 1 damage, and now have 50/67 hp.
You puncture the shadow! You burn the shadow.
You destroy the shadow!
Your Short Blades skill increases to level 3!
Your Long Blades skill increases to level 3!
Your Maces & Flails skill increases to level 3!
Your Polearms skill increases to level 3!
Your Slings skill increases to level 3!
Your Bows skill increases to level 3!
Your Crossbows skill increases to level 3!
Your Throwing skill increases to level 3!
Your Dodging skill increases to level 3!
Your Stealth skill increases to level 3!
Your Unarmed Combat skill increases to level 3!
Your Spellcasting skill increases to level 3!
Your Evocations skill increases to level 3! 😕 HP[+1]
There is an open door here. 😕 HP[+1] 😕 HP[+1]
You start resting. 😎 HP[+14]
Your hp is fully restored (67).
A scorpion comes into view.
You hit the scorpion. You burn the scorpion. Your bite misses the scorpion.
The scorpion stings you but does no damage.
You puncture the scorpion! You burn the scorpion.
You kill the scorpion!
Your Staves skill increases to level 4!
You see here a scorpion corpse.
v - 28 bolts (gained 13);
J - a scroll labelled QUICRI TIACSYE
K - a wand of iceblast (7)
Found a stone staircase leading down.
o - 2 scrolls labelled GUITHI SILO (gained 1)
There is an escape hatch in the floor here.
w - 4 emerald potions (gained 1)
There is an open door here.
Throw: 4 darts (atropa) {throwing}
Press: ? - help, Q - select action, (/) - cycle Shift-Dir - straight line, f - komodo dragon
Aim: a komodo dragon (asleep, 98% to hit, chance to blind on hit: 27%)
You throw an atropa-tipped dart {throwing}.
The atropa-tipped dart {throwing} hits the komodo dragon.
The komodo dragon resists.
Throw: 3 darts (atropa) {throwing}
Press: ? - help, Q - select action, (/) - cycle Shift-Dir - straight line, f/p - komodo dragon
Aim: a komodo dragon (68% to hit, chance to blind on hit: 27%)
You throw an atropa-tipped dart {throwing}.
The atropa-tipped dart {throwing} hits the komodo dragon!
The komodo dragon resists.
Throw: 2 darts (atropa) {throwing}
Press: ? - help, Q - select action, (/) - cycle Shift-Dir - straight line, f/p - komodo dragon
Aim: a komodo dragon (68% to hit, chance to blind on hit: 27%)
You throw an atropa-tipped dart {throwing}.
The atropa-tipped dart {throwing} hits the komodo dragon!
The komodo dragon resists.
Throw: dart (atropa) {throwing}
Press: ? - help, Q - select action, (/) - cycle Shift-Dir - straight line, f/p - komodo dragon
Aim: a komodo dragon (68% to hit, chance to blind on hit: 27%)
You throw an atropa-tipped dart {throwing}.
The atropa-tipped dart {throwing} barely misses the komodo dragon.
Throw: 205 stones {throwing}
Press: ? - help, Q - select action, (/) - cycle Shift-Dir - straight line, f/p - komodo dragon
Aim: a komodo dragon (68% to hit)
You throw a stone {throwing}.
The stone {throwing} closely misses the komodo dragon.
The komodo dragon misses you.
You hit the komodo dragon. You burn the komodo dragon.
The komodo dragon closely misses you.
You barely miss the komodo dragon. You bite the komodo dragon.
The komodo dragon bites you!! 😮 HP[-25]
You take 25 damage, and now have 42/67 hp.
MASSIVE DAMAGE!! (PAUSE)
You hit the komodo dragon. You burn the komodo dragon.
You bite the komodo dragon, but do no damage.
The komodo dragon bites you!!
* * * LOW HITPOINT WARNING * * *
😨 HP[-20]
You take 20 damage, and now have 22/67 hp.
MASSIVE DAMAGE!! (PAUSE)
You closely miss the komodo dragon. You block the komodo dragon's attack.
You barely miss the komodo dragon. Your bite misses the komodo dragon.
The komodo dragon bites you!!
You die...

Skill      XL: |  1  2  3  4  5  6  7  8 |
---------------+-------------------------+-----
Invocations    | 1 2 3 |  3.5
Short Blades   | 1 2 3 |  3.1
Long Blades    | 1 2 3 |  3.1
Maces & Flails | 1 2 3 |  3.1
Polearms       | 1 2 3 |  3.1
Staves         | 1 2 3 4 |  4.0
Slings         | 1 2 3 |  3.1
Bows           | 1 2 3 |  3.1
Crossbows      | 1 2 3 |  3.1
Throwing       | 1 2 3 |  3.1
Dodging        | 1 2 3 |  3.1
Stealth        | 1 2 3 |  3.1
Unarmed Combat | 1 2 3 |  3.1
Spellcasting   | 1 2 3 |  3.1
Evocations     | 1 2 3 |  3.1
Conjurations   | 1 2 |  2.5
Hexes          | 1 2 |  2.5
Summonings     | 1 2 |  2.5
Necromancy     | 1 2 |  2.5
Translocations | 1 2 |  2.5
Transmutations | 1 2 |  2.5
Fire Magic     | 1 2 |  2.5
Ice Magic      | 1 2 |  2.5
Air Magic      | 1 2 |  2.5
Earth Magic    | 1 2 |  2.5
Poison Magic   | 1 2 |  2.5
Axes           | 5 |  5.6
Fighting       | 7 |  7.3
Armour         | 7 |  7.3
Shields        | 7 |  7.3

Action                   |  1- 3 |  4- 6 |  7- 9 || total
-------------------------+-------+-------+-------++-------
Melee: War axe           |    76 |   193 |       ||   269
       Bite              |     4 |    22 |     9 ||    35
       Spear             |       |    16 |    60 ||    76
Throw: Dart              |       |       |     4 ||     4
       Stone             |       |       |     1 ||     1
 Stab: Sleeping          |       |     2 |     2 ||     4
Armor: Scale mail        |    29 |    50 |       ||    79
       Leather armour    |       |    36 |    14 ||    50
Dodge: Dodged            |    35 |    95 |    21 ||   151
Block: Buckler           |    22 |    63 |    10 ||    95

Levels and vault maps discovered:
D:1:      mainiacjoe_arrival_reflecting_pool, layout_rooms,
          basic_ecumenical_altar
D:2:      layout_loops_corners, minmay_misc_feat_diagonals
D:3:      layout_basic, saegor_snake_ambush
D:4:      layout_basic, serial_shops, kennysheep_mini
D:5:      layout_gridville, grunt_decor_junction, grunt_ministairs_9,
          minmay_misc_feat_encased
D:6:      layout_loops_ring, temple_pool_b, serial_shops, shop,
          nicolae_shop_advertising_works [nicolae_subvault_shop_adworks],
          minmay_manual_mullet
Temple:   mainiacjoe_temple_starburst

Notes
Turn   | Place    | Note
-------+----------+-------------------------------------------
     0 | D:1      | GrayStillPlays the Gnoll Fighter began the quest for the
                  | Orb.
     0 | D:1      | Reached XP level 1. HP: 23/23 MP: 1/1
     0 | D:1      | magus.rc [v1.9.6]
    96 | D:1      | Reached XP level 2. HP: 25/29 MP: 2/2
   166 | D:1      | You pick up a book of Iron and begin reading...
   166 | D:1      | You add the spells Animate Armour, Blade Hands and Iron
                  | Shot to your library.
   257 | D:1      | Found a faded altar of an unknown god.
   637 | D:2      | Reached XP level 3. HP: 33/35 MP: 3/3
   884 | D:2      | You pick up a book of Debilitation and begin reading...
   884 | D:2      | You add the spells Slow, Vampiric Draining and Confusing
                  | Touch to your library.
  1085 | D:2      | Reached skill level 1 in Invocations
  1302 | D:2      | Reached skill level 1 in Short Blades
  1302 | D:2      | Reached skill level 1 in Long Blades
  1302 | D:2      | Reached skill level 1 in Maces & Flails
  1302 | D:2      | Reached skill level 1 in Polearms
  1302 | D:2      | Reached skill level 1 in Staves
  1302 | D:2      | Reached skill level 1 in Slings
  1302 | D:2      | Reached skill level 1 in Bows
  1302 | D:2      | Reached skill level 1 in Crossbows
  1302 | D:2      | Reached skill level 1 in Throwing
  1302 | D:2      | Reached skill level 1 in Dodging
  1302 | D:2      | Reached skill level 1 in Stealth
  1302 | D:2      | Reached skill level 1 in Unarmed Combat
  1302 | D:2      | Reached skill level 1 in Spellcasting
  1302 | D:2      | Reached skill level 1 in Evocations
  1303 | D:2      | Reached XP level 4. HP: 41/41 MP: 5/5
  1897 | D:3      | Reached skill level 1 in Conjurations
  1897 | D:3      | Reached skill level 1 in Hexes
  1897 | D:3      | Reached skill level 1 in Summonings
  1897 | D:3      | Reached skill level 1 in Necromancy
  1897 | D:3      | Reached skill level 1 in Translocations
  1897 | D:3      | Reached skill level 1 in Transmutations
  1897 | D:3      | Reached skill level 1 in Fire Magic
  1897 | D:3      | Reached skill level 1 in Ice Magic
  1897 | D:3      | Reached skill level 1 in Air Magic
  1897 | D:3      | Reached skill level 1 in Earth Magic
  1897 | D:3      | Reached skill level 1 in Poison Magic
  1915 | D:3      | Reached XP level 5. HP: 47/47 MP: 6/6
  2165 | D:3      | Identified the +10 spear "Akyloor" {flame, Int+4}
  2710 | D:4      | Noticed a phantom
  2712 | D:4      | HP: 11/47 [acid (7)]
  2713 | D:4      | HP: 1/47 [acid (9)]
  3064 | D:4      | Killed a phantom
  3065 | D:4      | Reached skill level 2 in Invocations
  3065 | D:4      | Reached XP level 6. HP: 26/53 MP: 8/8
  3243 | D:4      | Found Dof Beru's Assorted Antiques.
  3350 | D:4      | Reached skill level 5 in Axes
  3489 | D:4      | Reached skill level 2 in Short Blades
  3489 | D:4      | Reached skill level 2 in Long Blades
  3489 | D:4      | Reached skill level 2 in Maces & Flails
  3489 | D:4      | Reached skill level 2 in Polearms
  3489 | D:4      | Reached skill level 2 in Staves
  3489 | D:4      | Reached skill level 2 in Slings
  3489 | D:4      | Reached skill level 2 in Bows
  3489 | D:4      | Reached skill level 2 in Crossbows
  3489 | D:4      | Reached skill level 2 in Throwing
  3489 | D:4      | Reached skill level 2 in Dodging
  3489 | D:4      | Reached skill level 2 in Stealth
  3489 | D:4      | Reached skill level 2 in Unarmed Combat
  3489 | D:4      | Reached skill level 2 in Spellcasting
  3489 | D:4      | Reached skill level 2 in Evocations
  4182 | D:5      | Entered Level 5 of the Dungeon
  4577 | D:5      | Reached skill level 7 in Fighting
  4577 | D:5      | Reached skill level 7 in Armour
  4577 | D:5      | Reached skill level 7 in Shields
  4577 | D:5      | Reached XP level 7. HP: 60/60 MP: 10/10
  5028 | D:6      | Reached skill level 2 in Conjurations
  5028 | D:6      | Reached skill level 2 in Hexes
  5028 | D:6      | Reached skill level 2 in Summonings
  5028 | D:6      | Reached skill level 2 in Necromancy
  5028 | D:6      | Reached skill level 2 in Translocations
  5028 | D:6      | Reached skill level 2 in Transmutations
  5028 | D:6      | Reached skill level 2 in Fire Magic
  5028 | D:6      | Reached skill level 2 in Ice Magic
  5028 | D:6      | Reached skill level 2 in Air Magic
  5028 | D:6      | Reached skill level 2 in Earth Magic
  5028 | D:6      | Reached skill level 2 in Poison Magic
  5161 | D:6      | Found Juoh's Distillery.
  5166 | D:6      | Bought a potion of heal wounds for 65 gold pieces
  5212 | D:6      | Found Loureack's Distillery.
  5218 | D:6      | Bought a potion of heal wounds for 50 gold pieces
  5218 | D:6      | Bought 3 potions of curing for 90 gold pieces
  5246 | D:6      | Reached skill level 3 in Staves
  5289 | D:6      | Reached skill level 3 in Invocations
  5385 | D:6      | Reached XP level 8. HP: 61/67 MP: 12/12
  5427 | D:6      | Found a staircase to the Ecumenical Temple.
  5437 | Temple   | Entered the Ecumenical Temple
  5680 | D:6      | Noticed a shadow
  5682 | D:6      | Noticed a komodo dragon
  5690 | D:6      | Killed a shadow
  5691 | D:6      | Reached skill level 3 in Short Blades
  5691 | D:6      | Reached skill level 3 in Long Blades
  5691 | D:6      | Reached skill level 3 in Maces & Flails
  5691 | D:6      | Reached skill level 3 in Polearms
  5691 | D:6      | Reached skill level 3 in Slings
  5691 | D:6      | Reached skill level 3 in Bows
  5691 | D:6      | Reached skill level 3 in Crossbows
  5691 | D:6      | Reached skill level 3 in Throwing
  5691 | D:6      | Reached skill level 3 in Dodging
  5691 | D:6      | Reached skill level 3 in Stealth
  5691 | D:6      | Reached skill level 3 in Unarmed Combat
  5691 | D:6      | Reached skill level 3 in Spellcasting
  5691 | D:6      | Reached skill level 3 in Evocations
  5796 | D:6      | Reached skill level 4 in Staves
  6008 | D:6      | Mangled by a komodo dragon

Vanquished Creatures
  A shadow (D:6)
  A sky beast (D:6)
  A centaur (D:6)
  2 phantoms
  A scorpion (D:6)
  A water moccasin skeleton (D:6)
  2 jellies
  A hound (D:6)
  An orc priest (D:3)
  3 iguanas
  An orc wizard (D:5)
  A killer bee zombie (D:6)
  4 gnolls (D:4)
  A howler monkey skeleton (D:6)
  11 adders
  A shadow imp (D:5)
  A white imp (D:5)
  An ufetubus (D:4)
  3 worms
  5 dart slugs
  13 orcs
  7 endoplasms
  2 giant cockroaches
  4 hobgoblins
  3 jackals (D:2)
  4 quokkas
  6 ball pythons
  4 bats
  2 frilled lizards
  8 goblins
  5 kobolds
  2 rats
103 creatures vanquished.

Table legend:
 A = Non-vault XP
 B = Vault XP
 C = Vault XP percentage of total XP
 D = Non-vault monster count
 E = Vault monster count
 F = Vault count percentage of total count
                 A         B        C        D         E       F
            +---------+---------+-------+---------+---------+-------
      Total |    1203 |     365 |  23.3 |      98 |       5 |   4.9
            +---------+---------+-------+---------+---------+-------
        D:1 |      25 |       0 |   0.0 |      14 |       0 |   0.0
        D:2 |      68 |       0 |   0.0 |      24 |       0 |   0.0
        D:3 |     147 |      39 |  21.0 |      23 |       3 |  11.5
        D:4 |     232 |       0 |   0.0 |      16 |       0 |   0.0
        D:5 |     163 |     107 |  39.6 |      11 |       1 |   8.3
        D:6 |     568 |     219 |  27.8 |      10 |       1 |   9.1
            +---------+---------+-------+---------+---------+-------

Illustrated notes

Table legend:
 A = Kills in this place as a percentage of kills in entire the game.
 B = Kills by you in this place as a percentage of kills by you in the entire game.
 C = Kills by friends in this place as a percentage of kills by friends in the entire game.
 D = Other kills in this place as a percentage of other kills in the entire game.
 E = Experience gained in this place as a percentage of experience gained in the entire game.
 F = Experience gained in this place divided by the number of levels of this place that you have seen.
                   A       B       C       D       E      F
               +-------+-------+-------+-------+-------+----------------------
         Total | 100.0 | 100.0 |   N/A |   N/A | 100.0 | 224.0
       Dungeon | 100.0 | 100.0 |   N/A |   N/A | 100.0 | 261.3
               +-------+-------+-------+-------+-------+----------------------

Table legend: (Time is in decaauts)
 A = Elapsed time spent in this place.
 B = Non-inter-level travel time spent in this place.
 C = Inter-level travel time spent in this place.
 D = Time resting spent in this place.
 E = Time spent auto-exploring this place.
 F = Levels seen in this place.
 G = Mean time per level.
                   A        B        C        D        E       F      G
               +--------+--------+--------+--------+--------+-----+--------+
         Total |   6108 |   5849 |    259 |    393 |   4364 |   7 |  872.6 |
       Dungeon |   5939 |   5759 |    180 |    393 |   4287 |   6 |  989.8 |
        Temple |    168 |     89 |     79 |      0 |     77 |   1 |  168.0 |
               +--------+--------+--------+--------+--------+-----+--------+

Top non-repeatable levels by time:
     D:3: 1508 daAuts
     D:2: 1219 daAuts
     D:4: 1063 daAuts
     D:6: 831 daAuts
     D:5: 826 daAuts
     D:1: 490 daAuts
  Temple: 168 daAuts
